 Dungeon Crawl Stone Soup version 0.17-a0-82-g3e33fa6 (webtiles) character file.

5908 Pikaro the Necromancer (level 10, -5/75 (77) HPs)
             Began as a Ghoul Necromancer on Mar 16, 2015.
             Slain by a killer bee (7 damage)
             ... on level 8 of the Dungeon.
             The game lasted 00:54:14 (16645 turns).

Pikaro the Necromancer (Ghoul Necromancer)         Turns: 16645, Time: 00:54:14

HP:   -5/75 (77)    AC: 10    Str: 13    XL:     10   Next: 82%
MP:   20/20         EV: 11    Int: 13    God:
Gold: 461           SH:  0    Dex:  9    Spells: 3 memorised, 4 levels left

rFire  . . .     SeeInvis .       - Unarmed
rCold  + + .     Clarity  .     k - +2 leather armour {MR+}
rNeg   + + +     SustAb   .     (no shield)
rPois  ∞         Gourm    .     a - +0 helmet
rElec  .         Spirit   .     (no cloak)
rCorr  +         Warding  .     (no gloves)
rMut   .         Stasis   .     (no boots)
MR     ++...                    y - amulet of resist corrosion {rCorr, !d}
Stlth  +.........               H - ring of Tisod {+Inv rC+ MR+ MP+9}
                                f - +4 ring of protection

@: about to teleport, rotting, very resistant to hostile enchantments, very
unstealthy
A: rotting body, claws 1, carnivore 3, cold resistance 1, negative energy
resistance 3, poison resistance, slow healing 1, torment resistance, unbreathing
a: Evoke Invisibility


You were on level 8 of the Dungeon.
You were not hungry.

You visited 2 branches of the dungeon, and saw 10 of its levels.
You also visited: Ossuary and Bailey.

You collected 461 gold pieces.

Inventory:

Armour
 a - a +0 helmet (worn)
   (You found it on level 6 of the Dungeon)
 k - a +2 leather armour of magic resistance (worn)
   (You took it off Ijyb on level 2 of the Dungeon)
Jewellery
 f - a +4 ring of protection (left claw)
   (You found it on level 1 of the Dungeon)
 m - an uncursed amulet of resist mutation {rMut, !d}
   (You took it off an orc priest on level 7 of the Dungeon)
 y - an amulet of resist corrosion (around neck) {rCorr, !d}
   (You found it on level 4 of the Dungeon)
 H - the ring of Tisod (right claw) {+Inv rC+ MR+ MP+9}
   (You found it on level 5 of the Dungeon)

   [ring of protection from cold]

   It protects you from cold.
   It affects your resistance to hostile enchantments.
   It affects your magic capacity (+9).
   It lets you turn invisible.
 K - a cursed ring of fire {rF+, rC-}
   (You found it on level 6 of the Dungeon)
Magical devices
 d - a wand of magic darts (18)
   (You found it on level 6 of the Dungeon)
 l - a wand of fire (12)
   (You found it on level 7 of the Dungeon)
 r - a wand of heal wounds (3)
   (You found it on level 4 of the Dungeon)
 u - a wand of hasting (3)
   (You found it on level 3 of the Dungeon)
 w - a wand of lightning (0)
   (You found it on level 3 of the Dungeon)
 x - a wand of magic darts (26)
   (You found it on level 7 of the Dungeon)
 z - a wand of teleportation (7)
   (You found it on level 8 of the Dungeon)
 F - a wand of slowing (36)
   (You took it off a goblin on level 4 of the Dungeon)
Scrolls
 i - 4 scrolls of enchant weapon
 j - a scroll of magic mapping {!r}
 o - 3 scrolls of remove curse
 q - a scroll of teleportation
 t - a scroll of amnesia
Potions
 e - a potion of ambrosia {!q}
 g - 3 potions of magic
 n - a potion of brilliance
 p - a potion of flight {unknown}
 s - 2 potions of poison {unknown}
 v - 2 potions of haste
 B - a potion of agility {unknown}
 C - 3 potions of cancellation
 D - a potion of restore abilities
 J - a potion of invisibility
Books
 b - a book of Necromancy
 A - a book of Power
   (You found it on level 7 of the Dungeon)
Comestibles
 c - 2 slices of pizza
 h - 3 meat rations


   Skills:
 + Level 3.0 Fighting
 - Level 1.7 Dodging
 - Level 2.1 Stealth
 + Level 3.1 Unarmed Combat
 - Level 1.7 Spellcasting
 - Level 15.0 Necromancy


You had 4 spell levels left.
You knew the following spells:

 Your Spells              Type           Power        Failure   Level  Hunger
A - Pain                  Necr           ####         1%          1    ##.....
B - Vampiric Draining     Necr           #####.....   1%          3    ####...
C - Animate Dead          Necr           N/A          1%          4    #####..


Dungeon Overview and Level Annotations

Branches:
Dungeon (9/15)             Temple (1/1) D:7
   Lair: D:8-11         Orc: D:9-12

Altars:
Ashenzari
Cheibriados
Dithmenos
Elyvilon
Fedhas
Gozag
Makhleb
Nemelex Xobeh
Okawaru
Ru
Sif Muna
Trog
Vehumet
Yredelemnul
Zin
The Shining One

Shops:
D:6 :

Annotations:
D:6 Pikel


Innate Abilities, Weirdness & Mutations

Your body is rotting away.
You thrive on raw meat.
You have sharp fingernails.
You are carnivorous and can eat meat at any time.
Your flesh is cold resistant.
You are immune to negative energy.
Your system is resistant to poisons.
You heal slowly when monsters are visible.
You are immune to unholy pain and torment.
You can survive without breathing.


Message History

A killer bee comes into view.
You see here a robe.
The killer bee buzzes angrily.
A killer bee comes into view.
A jackal comes into view.
The jackal barks!
The killer bee barely misses you.
A killer bee comes into view.
The killer bee stings you! The killer bee completely misses you.
You take 9 damage, and have 64/73 hp.
The killer bee closely misses Prince Ribbit.
The killer bee stings you but does no damage.
The killer bee closely misses you.
Prince Ribbit hits the killer bee.
A killer bee comes into view.
The killer bee stings you. The killer bee completely misses you.
Prince Ribbit completely misses the killer bee.
A jackal comes into view.
You take 6 damage, and have 58/73 hp.
The killer bee misses you. The killer bee closely misses you.
The killer bee closely misses you.
You barely miss the killer bee. The killer bee barely misses you.
Prince Ribbit hits the killer bee.
The killer bee barely misses you.
You scratch the killer bee!
The killer bee stings you but does no damage. x2
Prince Ribbit completely misses the killer bee.
You miss the killer bee.
The killer bee stings you but does no damage.
The killer bee stings you.
Prince Ribbit hits the killer bee.
You take 4 damage, and have 54/73 hp.
Your leather armour prevents you from hitting the killer bee.
The killer bee stings you but does no damage.
The killer bee stings you.
You take 1 damage, and have 53/73 hp.
You scratch the killer bee!
You kill the killer bee!
Your Fighting skill increases to level 3!
The killer bee barely misses you.
Prince Ribbit closely misses the killer bee.
You miss the killer bee. The killer bee stings you. The killer bee stings you.
Prince Ribbit closely misses the killer bee.
You take 8 damage, and have 45/75 hp.
You miss the killer bee.
The killer bee stings you but does no damage.
The killer bee stings you!
Prince Ribbit hits the killer bee.
You take 8 damage, and have 37/75 hp.
You scratch the killer bee. The killer bee barely misses you.
The killer bee barely misses you.
You scratch the killer bee. The killer bee stings you.
Prince Ribbit closely misses the killer bee.
The killer bee closely misses you.
You take 2 damage, and have 35/75 hp.
You miss the killer bee. The killer bee stings you.
Prince Ribbit barely misses the killer bee.
The killer bee barely misses you.
You take 2 damage, and have 33/75 hp.
You miss the killer bee. The killer bee misses you.
A killer bee comes into view.
You miss the killer bee. The killer bee closely misses you.
The killer bee stings you.
Prince Ribbit barely misses the killer bee.
You take 3 damage, and have 30/75 hp.
You miss the killer bee. The killer bee closely misses you.
The killer bee stings you but does no damage.
Prince Ribbit closely misses the killer bee.
You closely miss the killer bee. The killer bee stings you.
The killer bee stings you.
* * * LOW HITPOINT WARNING * * *
Prince Ribbit barely misses the killer bee.
You take 8 damage, and have 22/75 hp.
Read which item? (? for menu, Esc to quit)
As you read the scroll of teleportation, it crumbles to dust.
You feel strangely unstable. The killer bee stings you.
* * * LOW HITPOINT WARNING * * *
The killer bee closely misses you.
You take 3 damage, and have 19/75 hp.
You barely miss the killer bee. The killer bee barely misses you.
Prince Ribbit hits the killer bee!
The killer bee stings you.
* * * LOW HITPOINT WARNING * * *
You take 3 damage, and have 16/75 hp.
You barely miss the killer bee. The killer bee stings you.
* * * LOW HITPOINT WARNING * * *
Prince Ribbit barely misses the killer bee.
The killer bee barely misses you.
A killer bee comes into view.
You take 6 damage, and have 10/75 hp.
You are too injured to fight recklessly!
You are too injured to fight recklessly!
You miss the killer bee. The killer bee stings you.
* * * LOW HITPOINT WARNING * * *
The killer bee stings you.
* * * LOW HITPOINT WARNING * * *
Prince Ribbit hits the killer bee.
The jackal pauses to sniff the ground.
You take 8 damage, and have 2/75 hp.
The killer bee barely misses Prince Ribbit.
The killer bee stings Prince Ribbit.
The killer bee stings Prince Ribbit!
Prince Ribbit is destroyed!
The killer bee stings you!
You die...

##....#
#..#...#..............
##..##
#..#...#....###.######
#### ##.#...#.#### #.#
##.####### #.# #..##.#
#.# #.### #..##.# #.#
#.....##..##.# #.#
#.........##.# #.#
..........##@# .
..........#y#
.........h#h#
.(.........y#
..........y#######
..........y.......
............####..
..........###
..h......#


You could see 4 killer bees and a jackal.

Vanquished Creatures
  3 orc knights (Bailey)
  Prince Ribbit (D:8)
  The ghost of espenoss the Insei, an average DrTm of Cheibriados (D:4)
  2 hippogriffs (D:7)
  A hungry ghost (D:8)
  2 slaves (D:6)
  2 ice beasts
  7 orc warriors (Bailey)
  A phantom (D:4)
  5 ogres
  Sigmund (D:5)
  An elf zombie (Ossuary)
  A giant frog (D:7)
  5 scorpions (D:4)
  2 jellies
  A wyvern skeleton (D:5)
  A killer bee (D:8)
  2 centaur zombies (Ossuary)
  9 crimson imps
  A goliath beetle (D:6)
  2 human zombies (Ossuary)
  A giant frog zombie (D:3)
  3 iguanas
  2 centaur skeletons
  7 hounds
  3 orc priests
  4 orc wizards
  8 worker ants
  Ijyb (D:2)
  A hound zombie (D:8)
  A hound skeleton (D:4)
  2 mummies (Ossuary)
  4 gnolls
  14 adders
  2 shadow imps
  4 worms
  6 giant geckos
  An ooze (D:1)
  27 orcs
  2 ball pythons
  18 bats
  A bat zombie (D:5)
  5 giant cockroaches
  18 hobgoblins
  9 jackals
  12 kobolds
  2 quokkas (D:7)
  4 giant newts
  16 goblins
  4 goblin zombies
  9 hobgoblin zombies
  A jackal zombie (Ossuary)
  9 kobold zombies (Ossuary)
  10 orc zombies (Ossuary)
  A quokka zombie (D:5)
  14 rats
  A rat zombie (Ossuary)
  10 ballistomycetes
288 creatures vanquished.

Vanquished Creatures (collateral kills)
  Menkaure (D:6)
  An ice beast (D:8)
  A scorpion (D:6)
  A hound (D:4)
  2 crimson imps (D:8)
  An orc priest (D:4)
  An adder (D:4)
  A giant mite (D:4)
  5 orcs (D:4)
  A hobgoblin (D:4)
  A jackal (D:6)
  A giant newt (D:4)
  A goblin (D:4)
  2 kobolds (D:4)
  A ballistomycete (D:6)
21 creatures vanquished.

Vanquished Creatures (others)
  A yak (D:9)
  An orc warrior (D:9)
  2 wights (D:6)
  2 worker ants (D:9)
  An ogre zombie (D:6)
  2 human zombies
  An orc skeleton (Bailey)
  3 bat zombies (D:4)
  2 kobolds (D:9)
  A giant newt zombie (D:4)
  6 giant spores
  4 orc zombies (D:4)
  2 ballistomycetes (D:6)
  A fungus (D:4)
29 creatures vanquished.

Grand Total: 338 creatures vanquished

Notes
Turn   | Place    | Note
--------------------------------------------------------------
     0 | D:1      | Pikaro, the Ghoul Necromancer, began the quest for the Orb.
     0 | D:1      | Reached XP level 1. HP: 14/14 MP: 2/2
   171 | D:1      | Reached XP level 2. HP: 18/20 MP: 3/3
  1381 | D:2      | Reached XP level 3. HP: 23/23 MP: 5/5
  1466 | D:2      | Reached skill level 5 in Necromancy
  1521 | D:2      | Noticed Ijyb
  1584 | D:2      | HP: 4/26 [Ijyb/club (4)]
  1612 | D:2      | Killed Ijyb
  1638 | D:2      | Learned a level 3 spell: Vampiric Draining
  1918 | D:2      | Found a bloodstained altar of Trog.
  1928 | D:2      | Reached XP level 4. HP: 25/33 MP: 5/5
  2109 | D:2      | Found a shattered altar of Ashenzari.
  2510 | D:2      | Reached skill level 6 in Necromancy
  2604 | D:1      | Reached XP level 5. HP: 38/38 MP: 6/6
  2809 | D:2      | Found a deep blue altar of Sif Muna.
  3256 | D:3      | Found a white marble altar of Elyvilon.
  3542 | D:4      | Found a sparkling altar of Nemelex Xobeh.
  3684 | D:4      | Reached skill level 7 in Necromancy
  3705 | D:4      | Reached XP level 6. HP: 39/45 MP: 8/8
  3721 | D:4      | Learned a level 4 spell: Animate Dead
  3833 | D:4      | Noticed a phantom
  3872 | D:4      | Killed a phantom
  4217 | D:4      | Noticed espenoss' ghost (average DrTm)
  4238 | D:4      | Killed espenoss' ghost
  4238 | D:4      | Reached skill level 8 in Necromancy
  4238 | D:4      | Reached XP level 7. HP: 43/50 MP: 8/8
  4424 | D:4      | HP: 3/50 [orc priest/divine providence (13)]
  4915 | D:4      | Noticed an ogre
  4924 | D:4      | Killed an ogre
  4924 | D:4      | Reached skill level 9 in Necromancy
  5506 | D:4      | Reached XP level 8. HP: 35/57 MP: 10/10
  5920 | D:4      | Found a snail-covered altar of Cheibriados.
  6131 | D:4      | Reached skill level 10 in Necromancy
  6446 | D:5      | Entered Level 5 of the Dungeon
  6537 | D:5      | Found an iron altar of Okawaru.
  6603 | D:5      | Noticed Sigmund
  6655 | D:5      | HP: 8/57 [something (12)]
  6662 | D:5      | HP: 3/57 [orc/flail (5)]
  6744 | D:5      | HP: 14/57 [wyvern skeleton (11)]
  6756 | D:5      | Got a wavering pewter ring
  6757 | D:5      | Identified the ring of Tisod {+Inv rC+ MR+ MP+9} (You found it on level 5 of the Dungeon)
  6767 | D:5      | Found a sand-covered staircase.
  6774 | Ossuary  | Entered an ossuary
  7225 | Ossuary  | HP: 13/56 [elf zombie (2)]
  7227 | Ossuary  | Reached skill level 11 in Necromancy
  7928 | D:5      | Killed Sigmund
  8119 | D:6      | Found Twiaf's Book Shop.
  8216 | D:6      | HP: 12/48 [orc/short sword (5)]
  8223 | D:6      | HP: 12/48 [something/magic dart (7)]
  8235 | D:6      | HP: 12/48 [orc wizard/magic dart (9)]
  8241 | D:6      | HP: 6/48 [orc/short sword (5)]
  8246 | D:6      | Reached XP level 9. HP: 22/53 MP: 11/11
  8302 | D:5      | HP: 14/56 [hound (3)]
  8596 | D:4      | HP: 11/55 [scorpion (4)]
  9034 | D:6      | Reached skill level 12 in Necromancy
  9435 | D:6      | Noticed Pikel
  9471 | D:6      | HP: 11/47 [adder (2)]
  9723 | D:6      | Noticed Menkaure
  9835 | D:7      | HP: 12/53 [hippogriff (6)]
  9856 | D:7      | HP: 12/53 [hippogriff (7)]
  9906 | D:7      | HP: 14/57 [ice beast (3)]
  9921 | D:7      | HP: 6/57 [ice beast (5)]
 10004 | D:7      | Found a glowing silver altar of Zin.
 10106 | D:7      | Found a flagged portal.
 10116 | Bailey   | Entered a bailey
 10116 | Bailey   | Noticed an orc knight
 10298 | Bailey   | Noticed an orc knight
 10298 | Bailey   | Noticed an orc knight
 10320 | Bailey   | Killed an orc knight
 10320 | Bailey   | Reached skill level 13 in Necromancy
 10693 | Bailey   | Killed an orc knight
 10841 | Bailey   | Killed an orc knight
 10841 | Bailey   | Reached skill level 14 in Necromancy
 10841 | Bailey   | Reached XP level 10. HP: 63/63 MP: 4/11
 11262 | Bailey   | Noticed an orc knight
 11495 | D:7      | HP: 9/60 [orc/trident (9)]
 11904 | D:7      | HP: 15/62 [hippogriff (4)]
 11906 | D:7      | HP: 5/62 [kobold/flail (10)]
 12490 | D:7      | HP: 6/66 [orc priest/divine providence (15)]
 12501 | D:7      | HP: 8/66 [adder (3)]
 12503 | D:7      | HP: 3/66 [adder (5)]
 12506 | D:7      | HP: 1/66 [adder (2)]
 12512 | D:7      | Found a staircase to the Ecumenical Temple.
 13183 | D:6      | Killed Menkaure
 14144 | D:7      | Found a basalt altar of Yredelemnul.
 14730 | D:7      | Reached skill level 15 in Necromancy
 15082 | Temple   | Entered the Ecumenical Temple
 15392 | D:8      | Noticed Prince Ribbit
 16238 | D:8      | Reached skill level 1 in Fighting
 16238 | D:8      | Reached skill level 1 in Unarmed Combat
 16265 | D:8      | Killed Prince Ribbit
 16265 | D:8      | Reached skill level 2 in Fighting
 16265 | D:8      | Reached skill level 2 in Unarmed Combat
 16609 | D:8      | Reached skill level 3 in Unarmed Combat
 16631 | D:8      | Reached skill level 3 in Fighting
 16642 | D:8      | HP: 16/75 [killer bee (3)]
 16644 | D:8      | HP: 5/75 [killer bee (5)]
 16644 | D:8      | HP: 2/75 [killer bee (3)]
 16645 | D:8      | Your ally Prince Ribbit died
 16645 | D:8      | Slain by a killer bee

Action                   |  1- 3 |  4- 6 |  7- 9 | 10-12 || total
-------------------------+-------+-------+-------+-------++-------
Melee: Unarmed           |   155 |   300 |   941 |   644 ||  2040
 Cast: Pain              |    10 |       |   101 |   112 ||   223
       Animate Dead      |       |     3 |     3 |     4 ||    10
       Vampiric Draining |       |       |     3 |     4 ||     7
Evoke: Wand              |       |       |     3 |     1 ||     4
  Use: Scroll            |     4 |     5 |    13 |     8 ||    30
       Potion            |     1 |       |     4 |     1 ||     6
 Stab: Sleeping          |     2 |     2 |     1 |       ||     5
       Distracted        |       |       |     1 |       ||     1
  Eat: Chunk             |    15 |    30 |    38 |    27 ||   110
       Pizza             |       |       |     1 |       ||     1
       Meat ration       |       |       |       |     1 ||     1

Vault maps used:
D:1:      minmay_arrival_split_and_join, serial_co_window_serial,
          co_window_paths_b, co_window_paths_a, co_window_paths_a,
          co_window_paths_a, co_window_of_opportunity_a, co_window_paths_b,
          co_window_corner_a, co_window_paths_a, co_window_of_opportunity_a,
          co_window_of_opportunity_c, co_window_corner_cb,
          co_window_unsneaky_path_c, co_window_of_opportunity_b,
          co_window_broadway_b, co_window_unsneaky_path_c, glass_columns_b,
          glass_columns_a
D:2:      kennysheep_goblin_castle, lemuel_blue_sif_altar,
          overflow_temple_1_default, first_bread, grunt_ministairs_15,
          evilmike_ruin_ashenzari
D:3:      hangedman_decor_opposing, elyvilon_altar_4
D:4:      old_forge, nemelex_xobeh_ov_fountains_minmay,
          cheibriados_altar_wand_db
D:5:      okawaru_metal_pillars_1_2, enter_ossuary_4, uniq_sigmund
D:6:      serial_shops, shop, minmay_misc_feat_room, uniq_menkaure, uniq_pikel
D:7:      lemuel_doored_altar, lemuel_coloured_pillars_altar,
          minmay_temple_entry_glassed_door, enter_bailey_2
D:8:      david_nohive_1, minmay_nine_imps, uniq_prince_ribbit1, uniq_joseph
D:9:      xom_confusion_cloud, overflow_temple_1_default, old_standard_altar,
          st_stairs_14, onia_ninara_cookie
Temple:   minmay_temple_bridge_a_8
Ossuary:  ossuary_tomb_1
Bailey:   bailey_polearm_4, bailey

Table legend:
 A = Turns spent in this place as a percentage of turns spent in the entire game.
 B = Non-inter-level travel turns spent in this place as a percentage of non-inter-level travel turns spent in the entire game.
 C = Inter-level travel turns spent in this place as a percentage of turns spent in this place.
 D = Turns resting spent in this place as a percentage of non-inter-level travel turns spent in this place.
 E = Turns spent auto-exploring this place as a percentage of non-inter-level travel turns spent in this place.
 F = Non-inter-level travel turns spent in this place divided by the number of levels of this place that you've seen.
                   A       B       C       D       E      F
               +-------+-------+-------+-------+-------+----------------------
         Total | 100.0 | 100.0 |   0.2 |   5.0 |   4.0 | 434.2
       Dungeon |  88.9 |  88.9 |   0.3 |   4.6 |   4.1 | 514.6
        Temple |   0.7 |   0.6 |   2.9 |   0.0 |  18.2 |  33.0
       Ossuary |   5.7 |   5.7 |   0.0 |   6.7 |   4.4 | 297.0
        Bailey |   4.8 |   4.8 |   0.0 |  10.4 |   0.0 | 250.0
               +-------+-------+-------+-------+-------+----------------------

Table legend:
 A = Kills in this place as a percentage of kills in entire the game.
 B = Kills by you in this place as a percentage of kills by you in the entire game.
 C = Kills by friends in this place as a percentage of kills by friends in the entire game.
 D = Other kills in this place as a percentage of other kills in the entire game.
 E = Experience gained in this place as a percentage of experience gained in the entire game.
 F = Experience gained in this place divided by the number of levels of this place that you have seen.
                   A       B       C       D       E      F
               +-------+-------+-------+-------+-------+----------------------
         Total | 100.0 | 100.0 | 100.0 |  -nan | 100.0 | 703.3
       Dungeon |  83.4 |  82.2 | 100.0 |  -nan |  62.3 | 583.8
       Ossuary |  13.2 |  14.1 |   0.0 |  -nan |   4.1 | 350.0
        Bailey |   3.4 |   3.6 |   0.0 |  -nan |  33.6 | 2836.0
               +-------+-------+-------+-------+-------+----------------------
